 Dungeon Crawl Stone Soup version 0.31.0-12-g77e489cdc1 (webtiles) character file.

Game seed: 12260184600326355377

2439 PaiMei the Zephyrmancer (level 9, -9/55 HPs)
             Began as a Tengu Air Elementalist on Feb 19, 2024.
             Was a Priest of Vehumet.
             Mangled by an unseen horror (10 damage)
             ... on level 6 of the Dungeon on Feb 20, 2024.
             The game lasted 00:19:20 (11307 turns).

PaiMei the Zephyrmancer (Tengu Air Elementalist)   Turns: 11307, Time: 00:19:20

Health: -9/55      AC:  4    Str:  9    XL:     9   Next: 49%
Magic:  11/19      EV: 23    Int: 19    God:    Vehumet [***...]
Gold:   524        SH:  0    Dex: 15    Spells: 16/20 levels left

rFire   + . .        y - +1 whip (elec)
rCold   . . .        (no shield)
rNeg    . . .        A - +1 leather armour {rF+}
rPois   +            (helmet restricted)
rElec   .            (no cloak)
rCorr   .            (no gloves)
SInv    .            (boots unavailable)
Will    .....        (no amulet)
Stlth   ++           r - +5 ring of evasion
HPRegen 0.29/turn    x - ring of poison resistance
MPRegen 0.16/turn

%: acrobat
@: flying
A: beak, talons 3, evasive flight, acrobatic
a: Renounce Religion


You were on level 6 of the Dungeon.
You worshipped Vehumet.
Vehumet was most pleased with you.
You visited 2 branches of the dungeon, and saw 7 of its levels.

You collected 524 gold pieces.

Inventory:

Hand Weapons
 y - a +1 whip of electrocution (weapon)
Missiles
 m - 5 poisoned darts (quivered)
Armour
 A - a +1 leather armour of fire resistance (worn)
 D - a +2 ring mail of poison resistance
Jewellery
 r - a +5 ring of evasion (left hand)
 x - a ring of poison resistance (right hand)
 z - a ring of willpower
 H - a ring of protection from cold
Wands
 a - a wand of charming (14)
 c - a wand of digging (7)
 t - a wand of flame (1)
 v - a wand of iceblast (2)
 F - a wand of polymorph (9)
Scrolls
 d - a scroll of brand weapon {unknown}
 f - 4 scrolls of immolation {unknown}
 g - a scroll of amnesia {unknown}
 h - 3 scrolls of teleportation {unknown}
 i - 2 scrolls of identify {unknown}
 j - a scroll of poison {unknown}
 l - 2 scrolls of noise {unknown}
 q - a scroll of torment {unknown}
 w - a scroll of revelation {unknown}
 B - 3 scrolls of vulnerability {unknown}
 C - a scroll of blinking {unknown}
 G - a scroll of enchant armour {unknown}
Potions
 b - 2 potions of magic
 e - a potion of curing
 k - 2 potions of enlightenment {unknown}
 n - a potion of invisibility {unknown}
 o - a potion of ambrosia {unknown}
 p - 2 potions of cancellation {unknown}
 s - 2 potions of heal wounds {unknown}
 u - a potion of haste {unknown}
 E - 2 potions of mutation {unknown}
 I - a potion of attraction {unknown}


   Skills:
 + Level 6.0 Fighting
 + Level 7.1 Dodging
 - Level 2.0 Stealth
 + Level 6.0 Spellcasting
 - Level 1.3 Conjurations
 + Level 9.1 Air Magic


You had 16 spell levels left.
You knew the following spells:

 Your Spells              Type           Power      Damage    Failure   Level
a - Shock                 Conj/Air       100%       1d9       1%          1
b - Swiftness             Air            40%        N/A       1%          3

Your spell library contained the following spells:

 Spells                   Type           Power      Damage    Failure   Level
 Searing Ray              Conj           20%        2d5       4%          2
 Mercury Vapours          Alch/Air       46%        N/A       1%          2
 Static Discharge         Conj/Air       50%        3-6/arc   1%          2
 Airstrike                Air            20%        2d(3-19)  1%          4
 Mephitic Cloud           Conj/Alch/Air  19%        N/A       3%          3
 Freezing Cloud           Conj/Ice/Air   9%         6-21      26%         5


Dungeon Overview and Level Annotations

Branches:
Dungeon (6/15)             Temple (1/1) D:4

Altars:
Ashenzari
Cheibriados
Elyvilon
Gozag
Hepliaklqana
Kikubaaqudgha
Makhleb
Nemelex Xobeh
Okawaru
Ru
Sif Muna
Trog
Uskayaw
Vehumet
Wu Jian
Xom
Zin
Lugonu

Portals:
Abyss: D:3

Annotations:
D:6 4 runed translucent doors
Temple 4 transporters


Innate Abilities, Weirdness & Mutations

You have a beak for a mouth.
You have claws for feet.
Your magical flight helps you evade attacks. (EV +4)
You can magically evade attacks while moving or waiting.


Message History

Confirm with . or Enter, or press ? or * to list all spells.
Aiming: Shock (safe; 1% risk of failure)
Press: ? - help, Shift-Dir - straight line The zap hits something.
Something hits you but does no damage.
Okay, then.
It was a potion of curing.
You feel better. Something misses you.
Casting: Shock (safe; 1% risk of failure)
Confirm with . or Enter, or press ? or * to list all spells.
Aiming: Shock (safe; 1% risk of failure)
Press: ? - help, Shift-Dir - straight line The zap hits something.
Something barely misses you.
Casting: Shock (safe; 1% risk of failure)
Confirm with . or Enter, or press ? or * to list all spells.
Aiming: Shock (safe; 1% risk of failure)
Press: ? - help, Shift-Dir - straight line Something hits you.
* * * LOW HITPOINT WARNING * * *
Casting: Shock (safe; 1% risk of failure)
Confirm with . or Enter, or press ? or * to list all spells.
Aiming: Shock (safe; 1% risk of failure)
Press: ? - help, Shift-Dir - straight line The zap hits something.
Something closely misses you.
Casting: Shock (safe; 1% risk of failure)
Confirm with . or Enter, or press ? or * to list all spells.
Okay, then.
Unknown command.
Casting: Shock (safe; 1% risk of failure)
Confirm with . or Enter, or press ? or * to list all spells.
Aiming: Shock (safe; 1% risk of failure)
Press: ? - help, Shift-Dir - straight line The zap hits something.
Something hits you.
* * * LOW HITPOINT WARNING * * *
Casting: Shock (safe; 1% risk of failure)
Confirm with . or Enter, or press ? or * to list all spells.
Aiming: Shock (safe; 1% risk of failure)
Press: ? - help, Shift-Dir - straight line Something closely misses you.
Something hits you.
* * * LOW HITPOINT WARNING * * *
Something hits you!
You die...

### #.+.....h+.##.#
## #.#8....8#.##.#
.# #.##8[)8##..#.#
.# #..######...#.#
.# ##..........#.#
.# #...#####.##.# .#
###.# #.#..# .# #.#
#.#.## .# #.# #@#.#
.# #.#####.#.# .#
#.......#.#
.#########.#######.#
.......)...# #.#
..########## #.#
#.################.#
#.#....)...........#
#.#.################


There were no monsters in sight!

Vanquished Creatures
  Sigmund (D:6)
  A water moccasin (D:6)
  2 black bears (D:4)
  An ice beast (D:6)
  A centaur (D:6)
  4 ogres
  A bullfrog (D:6)
  A scorpion (D:6)
  3 bombardier beetles (D:5)
  A howler monkey (D:4)
  A crimson imp (D:3)
  9 hounds
  A gnoll bouda (D:4)
  3 orc priests
  A jelly (D:5)
  6 iguanas
  4 orc wizards
  21 gnolls (D:4)
  12 adders
  An ufetubus (D:5)
  2 ribbon worms (D:5)
  A dart slug (D:3)
  33 orcs
  7 bats
  5 endoplasms
  2 giant cockroaches
  3 goblins
  7 hobgoblins
  22 jackals
  6 kobolds
  9 quokkas
  8 ball pythons
  5 frilled lizards
  8 rats
  2 lurking horrors (D:3)
195 creatures vanquished.

Vanquished Creatures (others)
  An orc wizard (D:4)
  An orc (D:4)
2 creatures vanquished.

Grand Total: 197 creatures vanquished

Notes
Turn   | Place    | Note
-------+----------+-------------------------------------------
     0 | D:1      | PaiMei the Tengu Air Elementalist began the quest for the
                  | Orb.
     0 | D:1      | Reached XP level 1. HP: 10/10 MP: 4/4
   385 | D:1      | Reached XP level 2. HP: 15/16 MP: 3/6
   722 | D:1      | Reached skill level 1 in Fighting
   944 | D:1      | Reached XP level 3. HP: 20/20 MP: 2/7
  2012 | D:2      | Reached XP level 4. HP: 25/25 MP: 6/8
  2252 | D:3      | Found a corrupted altar of Lugonu.
  2550 | D:3      | Found a one-way gate to the infinite horrors of the Abyss.
  2697 | D:3      | You fall into a shaft and drop 1 floor!
  2867 | D:4      | Found a staircase to the Ecumenical Temple.
  2915 | Temple   | Found a transporter.
  2915 | Temple   | Found a transporter.
  2915 | Temple   | Found a transporter.
  2915 | Temple   | Found a transporter.
  2915 | Temple   | Entered the Ecumenical Temple
  3059 | D:4      | Reached skill level 5 in Air Magic
  3059 | D:4      | Reached XP level 5. HP: 29/30 MP: 4/10
  3312 | D:4      | Noticed a black bear
  3778 | D:3      | Found a burning altar of Makhleb.
  3783 | D:3      | Found a radiant altar of Vehumet.
  3948 | D:3      | Became a worshipper of Vehumet
  4108 | D:3      | Learned a level 3 spell: Swiftness
  4151 | D:4      | Reached XP level 6. HP: 36/36 MP: 6/11
  5386 | D:4      | Reached * piety under Vehumet
  5386 | D:4      | Offered knowledge of Sandblast by Vehumet.
  5387 | D:4      | Reached skill level 6 in Air Magic
  5469 | D:4      | Gained mutation: Your magical flight helps you evade
                  | attacks. (EV +4) [Tengu growth]
  5469 | D:4      | Reached XP level 7. HP: 41/41 MP: 7/13
  6516 | D:4      | Reached ** piety under Vehumet
  6764 | D:4      | Reached skill level 5 in Dodging
  6860 | D:4      | Offered knowledge of Kiss of Death by Vehumet.
  7029 | D:5      | Entered Level 5 of the Dungeon
  7240 | D:5      | Reached skill level 7 in Air Magic
  7240 | D:5      | Reached XP level 8. HP: 48/48 MP: 10/15
  7330 | D:5      | Found an opulent altar of Gozag.
  8085 | D:5      | Found an ornate altar of the Wu Jian Council.
  8104 | D:5      | HP: 1/48 [ogre/+0 giant spiked club (35)]
  8115 | D:5      | Reached skill level 5 in Spellcasting
  8472 | D:5      | Found a sacrificial altar of Ru.
  8856 | D:5      | Reached skill level 5 in Fighting
  8924 | D:5      | Reached skill level 8 in Air Magic
  9067 | D:6      | Noticed Sigmund
  9082 | D:6      | Killed Sigmund
  9135 | D:6      | Reached XP level 9. HP: 54/54 MP: 12/18
  9226 | D:6      | Offered knowledge of Searing Ray by Vehumet.
  9649 | D:6      | Found a large runed translucent door.
  9649 | D:6      | Found a large runed translucent door.
  9649 | D:6      | Noticed a troll
  9654 | D:6      | Found a large runed translucent door.
  9654 | D:6      | Found a large runed translucent door.
  9727 | D:6      | Noticed a two-headed ogre
 10315 | D:6      | Reached skill level 9 in Air Magic
 10427 | D:6      | Reached *** piety under Vehumet
 10545 | D:6      | Found a white marble altar of Elyvilon.
 11154 | D:6      | Identified the +0 chain mail "Ucvoirio" {rCorr}
 11307 | D:6      | HP: 1/55 [something (6)]
 11307 | D:6      | Mangled by an unseen horror

Illustrated notes

Levels and vault maps discovered:
D:1:      wander_arrival_chamber, layout_basic, item_on_display_a
D:2:      layout_rooms
D:3:      layout_rooms, grunt_temple_overflow_lords_of_destruction,
          fountainhead, chequers_hall_statues_corner_a,
          amcnicky_altar_lugonu_corruption
D:4:      lemuel_castle_with_subvaults [lemuel_castle_interior_carwin_2],
          layout_loops_ring, temple_statues, nicolae_elevator_lobby_asterisk
D:5:      minmay_opposing_rooms, layout_loops_ring,
          mainiacjoe_overflow_catch_the_wave, mainiacjoe_overflow_boulevard
D:6:      layout_loops_ring, kennysheep_mini_moat,
          nicolae_overflow_hidden_temple, minmay_hollow_rounded_squares,
          uniq_sigmund
Temple:   hellmonk_temple_divided_pantheon

Skill      XL: |  1  2  3  4  5  6  7  8  9 |
---------------+----------------------------+-----
Fighting       | 1 2 3 4 5 6 |  6.0
Dodging        | 3 4 5 6 7 |  7.1
Air Magic      | 5 6 7 8 9 |  9.1
Spellcasting   | 3 4 5 6 |  6.0
Stealth        | |  2.0
Conjurations   | |  1.3

Action                     |  1- 3 |  4- 6 |  7- 9 || total
---------------------------+-------+-------+-------++-------
  Melee: Mace              |    22 |    23 |    13 ||    58
         Kick              |     7 |     6 |    10 ||    23
         Peck              |     3 |     4 |     4 ||    11
         Whip              |       |       |    35 ||    35
   Cast: Shock             |    76 |   182 |   373 ||   631
    Use: Potion            |       |       |     1 ||     1
 Armour: Robe              |    19 |    36 |    11 ||    66
         Leather armour    |       |       |    81 ||    81
  Dodge: Dodged            |    58 |    83 |   322 ||   463
